cohdb
Replays
Latest Replays
All Replays
Popular Replays
Top Player Replays
Match Explorer
How It Works
Community
CoH3 Stats
Reddit
Sign in to upload your games and track your stats! →
Sign in with Steam
Match 42529240
Unlisted
Match 42529240
Overview
Messages
Build Orders
End
Construct Barracks
Selects Armored Battlegroup
Selects Veteran Crews
Riflemen Squad
1⁄4-ton 4x4 Truck
M1 Mortar Team
Riflemen Squad
Mechanized Support Center
Construct Weapon Support Center
Selects Fast Deploy
Grenade Package
M3 Armored Personnel Carrier
M3 Armored Personnel Carrier
Designate Forward Repair Station
Engineer Squad
M3 Armored Personnel Carrier
Forward Retreat Point
Construct Tank Depot
Selects Seek and Destroy
M4A1 Sherman Medium Tank
Selects M31 Recovery Vehicle
M4A1 Sherman Medium Tank
Selects War Machine
Designate Forward Repair Station
M4A1 76mm Conversion
Engineer Squad
soy_migueleitro
Strider_perc
KevinTDW
oaksanti13
Playnice
bkreuzer
DungGukMan
Simyoung
0
0
Comments
sign in to comment!
No comments posted yet!